 Dungeon Crawl Stone Soup version 0.31-a0-986-g5e6e4ef867 (webtiles) character file.

Game seed: 8362151571099931723

621 horus123 the Firebug (level 7, 0/36 HPs)
             Began as a Deep Elf Venom Mage on Nov 4, 2023.
             Slain by an ice beast (4 damage)
             ... on level 5 of the Dungeon.
             The game lasted 00:13:22 (4855 turns).

horus123 the Firebug (Deep Elf Venom Mage)          Turns: 4855, Time: 00:13:23

Health: 0/36       AC:  3    Str:  5    XL:     7   Next: 22%
Magic:  2/17       EV: 17    Int: 22    God:
Gold:   201        SH:  0    Dex: 15    Spells: 2/16 levels left

rFire   . . .        c - staff of air
rCold   . . .        (no shield)
rNeg    . . .        a - +0 robe
rPois   .            h - +0 helmet
rElec   +            (no cloak)
rCorr   .            (no gloves)
SInv    .            (no boots)
Will    .....        (no amulet)
Stlth   ++           j - +5 ring of evasion
HPRegen 0.26/turn    (no ring)
MPRegen 0.15/turn

%: no passive effects
@: no status effects
A: no striking features
a: no special abilities


You were on level 5 of the Dungeon.
You visited 1 branch of the dungeon, and saw 5 of its levels.

You collected 201 gold pieces.

Inventory:

Hand Weapons
 w - a +1 battleaxe of draining
Missiles
 k - 2 poisoned darts
Armour
 a - a +0 robe (worn)
 h - a +0 helmet (worn)
Magical Staves
 c - a staff of air (weapon)
Jewellery
 j - a +5 ring of evasion (left hand)
Wands
 s - a wand of polymorph (6)
 u - a wand of paralysis (3)
Scrolls
 e - a scroll of revelation {unknown}
 f - a scroll of immolation {unknown}
 g - 4 scrolls of identify {unknown}
 i - 2 scrolls of teleportation {unknown}
 l - a scroll of poison {unknown}
 r - a scroll of fear {unknown}
 t - 2 scrolls of enchant armour {unknown}
 v - a scroll of amnesia {unknown}
Potions
 b - a potion of brilliance {unknown}
 d - 3 potions of enlightenment {unknown}
 m - a potion of degeneration {unknown}
 n - a potion of mutation {unknown}
 o - 2 potions of curing {unknown}
 p - 3 potions of heal wounds {unknown}
 q - a potion of attraction {unknown}
 x - 2 potions of ambrosia {unknown}


   Skills:
 - Level 2.4 Dodging
 - Level 2.4 Stealth
 - Level 5.3 Spellcasting
 - Level 3.2 Conjurations
 - Level 1.1 Transmutations
 + Level 5.5 Fire Magic
 - Level 2.2 Air Magic
 - Level 4.0 Poison Magic


You had 2 spell levels left.
You knew the following spells:

 Your Spells              Type           Power      Damage    Failure   Level
a - Sting                 Tmut/Pois      68%        1d6       3%          1
b - Poisonous Vapours     Pois/Air       58%        N/A       4%          2
c - Mephitic Cloud        Conj/Pois/Air  29%        N/A       8%          3
d - Scorch                Fire           60%        2d7       1%          2
e - Searing Ray           Conj           40%        2d5       4%          2
f - Flame Wave            Conj/Fire      25%        2d8       16%         4

Your spell library contained the following spells:

 Spells                   Type           Power      Damage    Failure   Level
 Magic Dart               Conj           80%        1d7       2%          1
 Inner Flame              Hex/Fire       18%        N/A       10%         3
 Sticky Flame             Conj/Fire      25%        2d5       16%         4
 Olgreb's Toxic Radiance  Pois           23%        N/A       19%         4
 Fulminant Prism          Conj/Hex       6%         3d7       45%         4
 Summon Cactus Giant      Summ           2%         N/A       100%        6


Dungeon Overview and Level Annotations

Branches:
Dungeon (5/15)             Temple (0/1) D:5

Altars:
Kikubaaqudgha
The Shining One


Message History

You kill the ufetubus!
The shadow imp gestures at you.
You struggle to resist.
Casting: Scorch (safe; 1% risk of failure)
Confirm with . or Enter, or press ? or * to list all spells.
Flames lash the ice beast but do no damage.
The shadow imp misses you.
Casting: Scorch (safe; 1% risk of failure)
Confirm with . or Enter, or press ? or * to list all spells.
Flames lash the shadow imp.
The shadow imp is burned terribly!
You kill the shadow imp!
A shadow imp comes into view.
The shadow imp closely misses you.
Casting: Scorch (safe; 1% risk of failure)
Confirm with . or Enter, or press ? or * to list all spells.
Flames lash the ufetubus.
The ufetubus is burned terribly!
You kill the ufetubus!
The ice beast completely misses you. The shadow imp gestures at you.
You struggle to resist.
Casting: Scorch (safe; 1% risk of failure)
Confirm with . or Enter, or press ? or * to list all spells.
Flames lash the ice beast.
The ice beast melts!
The ice beast is moderately wounded.
The ice beast's fire resistance burns away.
The ice beast hits you. The ice beast freezes you. The shadow imp hits you.
Casting: Scorch (safe; 1% risk of failure)
Confirm with . or Enter, or press ? or * to list all spells.
Flames lash the shadow imp.
You kill the shadow imp!
The ice beast hits you. The ice beast freezes you!
Casting: Scorch (safe; 1% risk of failure)
Confirm with . or Enter, or press ? or * to list all spells.
Flames lash the ice beast.
The ice beast melts!
The ice beast is heavily wounded.
The shadow imp gestures at you. Pain shoots through your body!
* * * LOW HITPOINT WARNING * * *
The ice beast hits you.
You die...

.P.§§...#
~~§§§...# .
.~~~..... ....
~~~~.5..# .....
~~....##.....
♣.....#.....
##..Y...P..>.
#....@♣.♣....
#............
#........####
#.....##.....
#.....# .....
#.....# ...$
#(....# ...
########'###
###
##.........###.


You could see an ice beast (combustible) and a shadow imp.

Vanquished Creatures
  Pargi (D:3)
  2 phantoms
  A hound (D:5)
  A jelly (D:4)
  An orc priest (D:4)
  Ijyb (D:3)
  2 iguanas
  2 orc wizards
  5 adders
  2 shadow imps (D:5)
  2 ufetubi (D:5)
  A dart slug (D:2)
  6 orcs
  8 ball pythons
  5 endoplasms
  3 giant cockroaches
  6 goblins
  7 hobgoblins
  7 jackals
  6 quokkas
  2 bats (D:3)
  7 frilled lizards
  5 kobolds
  10 rats
93 creatures vanquished.

Notes
Turn   | Place    | Note
-------+----------+-------------------------------------------
     0 | D:1      | horus123 the Deep Elf Venom Mage began the quest for the
                  | Orb.
     0 | D:1      | Reached XP level 1. HP: 10/10 MP: 6/6
   205 | D:1      | Reached XP level 2. HP: 15/15 MP: 6/9
   281 | D:1      | Learned a level 2 spell: Poisonous Vapours
   885 | D:1      | Found a faded altar of an unknown god.
  1149 | D:2      | Reached XP level 3. HP: 16/19 MP: 7/10
  1261 | D:2      | Reached skill level 1 in Air Magic
  1412 | D:2      | Learned a level 3 spell: Mephitic Cloud
  1415 | D:2      | Learned a level 2 spell: Scorch
  2066 | D:3      | Noticed Ijyb
  2156 | D:3      | Killed Ijyb
  2157 | D:3      | Reached XP level 4. HP: 7/24 MP: 7/12
  2543 | D:3      | Reached skill level 5 in Spellcasting
  2686 | D:3      | Found a glowing golden altar of the Shining One.
  2806 | D:3      | Noticed Pargi
  2820 | D:3      | Killed Pargi
  2821 | D:3      | Reached XP level 5. HP: 27/28 MP: 0/14
  3361 | D:4      | Reached skill level 1 in Fire Magic
  3403 | D:4      | Reached XP level 6. HP: 32/32 MP: 2/16
  3526 | D:4      | Learned a level 2 spell: Searing Ray
  4097 | D:4      | Learned a level 4 spell: Flame Wave
  4304 | D:4      | Found an ancient bone altar of Kikubaaqudgha.
  4614 | D:5      | Entered Level 5 of the Dungeon
  4627 | D:5      | Found a staircase to the Ecumenical Temple.
  4636 | D:5      | Reached XP level 7. HP: 35/36 MP: 4/17
  4779 | D:5      | Reached skill level 5 in Fire Magic
  4855 | D:5      | Slain by an ice beast

Illustrated notes

Levels and vault maps discovered:
D:1:      minmay_arrival_five_plusses, layout_basic, basic_ecumenical_altar,
          chequers_serial_rivers_large_b
D:2:      cheibrodos_helix_gallery, layout_rooms
D:3:      layout_basic, nicolae_overflow_crystal_walls, uniq_ijyb, uniq_pargi
D:4:      layout_loops_ring, mainiacjoe_overflow_alcove_4, st_stairs_5
D:5:      minmay_spotlight, layout_gridville, mainiacjoe_overflow_alcove_2,
          temple_doors_cd, serial_demonic, serial_demonic_f, serial_demonic_f,
          serial_demonic_a, serial_demonic_c, serial_demonic_d,
          serial_demonic_f, uniq_pikel

Skill      XL: |  1  2  3  4  5  6  7 |
---------------+----------------------+-----
Spellcasting   | 4 5 |  5.3
Poison Magic   | 4 |  4.0
Air Magic      | 2 |  2.2
Conjurations   | 3 |  3.2
Fire Magic     | 1 4 5 |  5.5
Dodging        | |  2.4
Stealth        | |  2.4
Transmutations | |  1.1

Action                     |  1- 3 |  4- 6 |  7- 9 || total
---------------------------+-------+-------+-------++-------
  Melee: Staff             |     5 |    12 |       ||    17
         Unarmed           |    13 |       |       ||    13
   Cast: Sting             |    56 |     9 |       ||    65
         Poisonous Vapours |    15 |    40 |       ||    55
         Scorch            |       |    24 |    13 ||    37
         Mephitic Cloud    |       |     1 |       ||     1
         Searing Ray       |       |     1 |       ||     1
    Use: Potion            |       |     1 |       ||     1
 Armour: Robe              |    22 |    14 |     4 ||    40
         Skin              |     8 |       |       ||     8
  Dodge: Dodged            |    49 |    35 |     5 ||    89

Table legend: (Time is in decaauts)
 A = Elapsed time spent in this place.
 B = Non-inter-level travel time spent in this place.
 C = Inter-level travel time spent in this place.
 D = Time resting spent in this place.
 E = Time spent auto-exploring this place.
 F = Levels seen in this place.
 G = Mean time per level.
                   A        B        C        D        E       F      G
               +--------+--------+--------+--------+--------+-----+--------+
         Total |   4901 |   4710 |    191 |    362 |   3467 |   5 |  980.2 |
       Dungeon |   4901 |   4710 |    191 |    362 |   3467 |   5 |  980.2 |
               +--------+--------+--------+--------+--------+-----+--------+

Top non-repeatable levels by time:
     D:3: 1505 daAuts
     D:4: 1280 daAuts
     D:1: 1187 daAuts
     D:2: 688 daAuts
     D:5: 240 daAuts
